Workbook
Name OLE_LINK1: REPUESTOS!$A$4

Sheet MTTO PREVENTIVO
C2: SECCIONAL ATLÁNTICO | L2: 0.22980096
C3: MANTENIMIENTO PREVENTIVO
G5: SOLO COTIZACIONES
C6: PRECIO BARRANQUILLA | G6: TECHO PRESUPUESTAL | H6: OFERTA ECONÓMICA | I6: VALORES FINALES CON DESCUENTO
C7: ÍTEM | D7: DESCRIPCIÓN | E7: CANT. EQUIPOS | G7: VALOR MTO. X EQUIPO INCLUIDO IVA | H7: VALOR MTO. X EQUIPO INCLUIDO IVA | I7: VALOR MTO. X EQUIPO INCLUIDO IVA
C8: 1 | D8: MANTENIMIENTO DE ACONDICIONADOR DE AIRE TIPO MINISPLIT DE 12000 BTU - 18000 BTU - 24000 BTU | E8: 1 | G8: 134023 | H8: 132682.77 | I8: =H8-(H8*$L$2) -> 102192.14
C9: 2 | D9: MANTENIMIENTO DE ACONDICIONADOR DE AIRE TIPO MINISPLIT DE 36000 BTU | E9: 1 | G9: 162437 | H9: 160812.63 | I9: =H9-(H9*$L$2) -> 123857.73
C10: 3 | D10: MANTENIMIENTO DE ACONDICIONADOR DE AIRE TIPO CENTRAL DE 36000 BTU - 60.000 BTU PISO TECHO O DESCARGA VERTICAL | E10: 1 | G10: 217810 | H10: 215631.9 | I10: =H10-(H10*$L$2) -> 166079.48
C11: PRECIO BARANOA | I11: =H11-(H11*$L$2) -> 0
C12: 1 | D12: MANTENIMIENTO DE ACONDICIONADOR DE AIRE TIPO CENTRAL DE 36000 BTU - 60.000 BTU PISO TECHO O DESCARGA VERTICAL | E12: 1 | G12: 262464 | H12: 259839.36 | I12: =H12-(H12*$L$2) -> 200128.03
C13: PRECIO MALAMBO | I13: =H13-(H13*$L$2) -> 0
C14: 2 | D14: MANTENIMIENTO DE ACONDICIONADOR DE AIRE TIPO MINISPLIT DE 12000 BTU - 18000 BTU - 24000 BTU | E14: 1 | G14: 151538 | H14: 150022.62 | I14: =H14-(H14*$L$2) -> 115547.28
C15: 2 | D15: MANTENIMIENTO DE ACONDICIONADOR DE AIRE TIPO MINISPLIT DE 36000 BTU | E15: 1 | G15: 300870 | H15: 297861.3 | I15: =H15-(H15*$L$2) -> 229412.49
C16: PRECIO PUERTO COLOMBIA | I16: =H16-(H16*$L$2) -> 0
C17: 1 | D17: MANTENIMIENTO DE ACONDICIONADOR DE AIRE TIPO MINISPLIT DE 12000 BTU - 18000 BTU - 24000 BTU | E17: 1 | G17: 154122 | H17: 152580.78 | I17: =H17-(H17*$L$2) -> 117517.57
C18: PRECIO SABANALARGA | I18: =H18-(H18*$L$2) -> 0
C19: 1 | D19: MANTENIMIENTO DE ACONDICIONADOR DE AIRE TIPO MINISPLIT DE 12000 BTU - 18000 BTU - 24000 BTU | E19: 1 | G19: 141973 | H19: 140553.27 | I19: =H19-(H19*$L$2) -> 108253.99 | R19: =+I30/H30-1 -> -0.22980096
C20: 2 | D20: MANTENIMIENTO DE ACONDICIONADOR DE AIRE TIPO CENTRAL DE 36000 BTU - 60.000 BTU PISO TECHO O DESCARGA VERTICAL | E20: 1 | G20: 261308 | H20: 258694.92 | I20: =H20-(H20*$L$2) -> 199246.58
C21: PRECIO SANTO TOMAS | I21: =H21-(H21*$L$2) -> 0
C22: 1 | D22: MANTENIMIENTO DE ACONDICIONADOR DE AIRE TIPO MINISPLIT DE 12000 BTU - 18000 BTU - 24000 BTU | E22: 1 | G22: 169391 | H22: 167697.09 | I22: =H22-(H22*$L$2) -> 129160.14
C23: PRECIO CAMPO DE LA CRUZ | I23: =H23-(H23*$L$2) -> 0
C24: 1 | D24: MANTENIMIENTO DE ACONDICIONADOR DE AIRE TIPO MINISPLIT DE 12000 BTU - 18000 BTU - 24000 BTU | E24: 1 | G24: 186364 | H24: 184500.36 | I24: =H24-(H24*$L$2) -> 142102
C25: PRECIO SOLEDAD | I25: =H25-(H25*$L$2) -> 0
C26: 1 | D26: MANTENIMIENTO DE ACONDICIONADOR DE AIRE TIPO MINISPLIT DE 12000 BTU - 18000 BTU - 24000 BTU | E26: 1 | G26: 143020 | H26: 141589.8 | I26: =H26-(H26*$L$2) -> 109052.33
C27: 2 | D27: MANTENIMIENTO DE ACONDICIONADOR DE AIRE TIPO MINISPLIT DE 36000 BTU | E27: 1 | G27: 151493 | H27: 149978.07 | I27: =H27-(H27*$L$2) -> 115512.97
C28: 3 | D28: MANTENIMIENTO DE ACONDICIONADOR DE AIRE TIPO CASSETTE DE 24000 BTU - 36000 BTU | E28: 1 | G28: 217894 | H28: 215715.06 | I28: =H28-(H28*$L$2) -> 166143.53
C29: 4 | D29: MANTENIMIENTO DE ACONDICIONADOR DE AIRE TIPO CASSETTE DE 60000 BTU | E29: 1 | G29: 265419 | H29: 262764.81 | I29: =H29-(H29*$L$2) -> 202381.2
C30: TOTAL | H30: =SUM(H8:H29) -> 2890924.7 | I30: =SUM(I8:I29) -> 2226587.5
C32: NOTA | D32: DENTRO DE LOS COSTOS SE INCLUYE LOS INSUMOS Y LA MANO DE OBRA NECESARIA PARA REALIZAR CADA MANTENIMIENTO PREVENTIVO
D35: _________________________________ RUBY DEL CARMEN CABARCAS TAPIA C.C. No. 45.500.488 DE CARTAGENA REPRESENTANTE LEGAL ASESORÍAS Y ACABADOS ÁVILA S.A.S
D57: VoBo. ROSANA PAOLA LLINÁS PERTUZ
D58: SECCIÓN GESTIÓN CONTRACTUAL

Sheet MANO DE OBRA MTTO CORRECTIVO
C1: 0.22980096
A3: SECCIONAL ATLÁNTICO
A4: MANO DE OBRA MANTENIMIENTO CORRECTIVO
C5: OFERTA ECONÓMICA | D5: VALOR CON DESCUENTO | E5: OFERTA ECONÓMICA | F5: VALOR CON DESCUENTO | G5: OFERTA ECONÓMICA | H5: VALOR CON DESCUENTO | I5: OFERTA ECONÓMICA | J5: VALOR CON DESCUENTO | K5: OFERTA ECONÓMICA | L5: VALOR CON DESCUENTO | M5: OFERTA ECONÓMICA | N5: VALOR CON DESCUENTO | O5: OFERTA ECONÓMICA | P5: VALOR CON DESCUENTO | Q5: OFERTA ECONÓMICA | R5: VALOR CON DESCUENTO
A6: ÍTEM | B6: DESCRIPCIÓN | C6: V. UNITARIO Mano de Obra Incluido IVA BARRANQUILLA | E6: V. UNITARIO Mano de Obra Incluido IVA BARANOA | G6: V. UNITARIO Mano de Obra Incluido IVA MALAMBO | I6: V. UNITARIO Mano de Obra Incluido IVA PUERTO COLOMBIA | K6: V. UNITARIO Mano de Obra Incluido IVA SABANALARGA | M6: V. UNITARIO Mano de Obra Incluido IVA SANTO TOMAS | O6: V. UNITARIO Mano de Obra Incluido IVA SANTO DE LA CRUZ | Q6: V. UNITARIO Mano de Obra Incluido IVA SOLEDAD
A7: 1 | B7: INSTALACIÓN O CAMBIO DE PROTECTOR ELECTRÓNICO DE VOLTAJE | C7: 85600 | D7: =+IF(C7="N/A","N/A",C7-(C7*$C$1)) -> 65929.038 | E7: 92016 | F7: =+IF(E7="N/A","N/A",E7-(E7*$C$1)) -> 70870.635 | G7: 96490.4 | H7: =+IF(G7="N/A","N/A",G7-(G7*$C$1)) -> 74316.813 | I7: 116068.8 | J7: =+IF(I7="N/A","N/A",I7-(I7*$C$1)) -> 89396.078 | K7: 122277.6 | L7: =+IF(K7="N/A","N/A",K7-(K7*$C$1)) -> 94178.09 | M7: 115465.6 | N7: =+IF(M7="N/A","N/A",M7-(M7*$C$1)) -> 88931.494 | O7: 166452 | P7: =+IF(O7="N/A","N/A",O7-(O7*$C$1)) -> 128201.17 | Q7: 89867.2 | R7: =+IF(Q7="N/A","N/A",Q7-(Q7*$C$1)) -> 69215.631
A8: 2 | B8: CAMBIO DE CAPACITOR DE ACONDICIONADOR DE AIRE | C8: 116103.6 | D8: =+IF(C8="N/A","N/A",C8-(C8*$C$1)) -> 89422.881 | E8: 133367.4 | F8: =+IF(E8="N/A","N/A",E8-(E8*$C$1)) -> 102719.44 | G8: 127026.9 | H8: =+IF(G8="N/A","N/A",G8-(G8*$C$1)) -> 97835.996 | I8: 144515.7 | J8: =+IF(I8="N/A","N/A",I8-(I8*$C$1)) -> 111305.85 | K8: 151371 | L8: =+IF(K8="N/A","N/A",K8-(K8*$C$1)) -> 116585.8 | M8: 141216.3 | N8: =+IF(M8="N/A","N/A",M8-(M8*$C$1)) -> 108764.66 | O8: 199590.3 | P8: =+IF(O8="N/A","N/A",O8-(O8*$C$1)) -> 153724.26 | Q8: 118913.4 | R8: =+IF(Q8="N/A","N/A",Q8-(Q8*$C$1)) -> 91586.987
A9: 3 | B9: CAMBIO DE UNIDAD COMPRESORA DE AIRE TIPO MINI SPLIT, INCLUYE MANO DE OBRA DE: CARGA COMPLETA DE REFRIGERANTE, LIMPIEZA DE TUBERÍA DE COBRE CON NITRÓGENO, CAMBIO DE FILTRO SECADOR. INSUMOS: NITRÓGENO, SOLDADURA | C9: 336696.8 | D9: =+IF(C9="N/A","N/A",C9-(C9*$C$1)) -> 259323.55 | E9: 335780 | F9: =+IF(E9="N/A","N/A",E9-(E9*$C$1)) -> 258617.43 | G9: 342109.6 | H9: =+IF(G9="N/A","N/A",G9-(G9*$C$1)) -> 263492.49 | I9: 373076.8 | J9: =+IF(I9="N/A","N/A",I9-(I9*$C$1)) -> 287343.39 | K9: 378465.6 | L9: =+IF(K9="N/A","N/A",K9-(K9*$C$1)) -> 291493.84 | M9: 376003.2 | N9: =+IF(M9="N/A","N/A",M9-(M9*$C$1)) -> 289597.3 | O9: 501733.6 | P9: =+IF(O9="N/A","N/A",O9-(O9*$C$1)) -> 386434.74 | Q9: 331060 | R9: =+IF(Q9="N/A","N/A",Q9-(Q9*$C$1)) -> 254982.09
A10: 4 | B10: CAMBIO DE UNIDAD COMPRESORA DE AIRE TIPO CENTRAL, INCLUYE MANO DE OBRA DE: CARGA COMPLETA DE REFRIGERANTE, LIMPIEZA DE TUBERÍA DE COBRE CON NITRÓGENO, CAMBIO DE FILTRO SECADOR. INSUMOS: NITRÓGENO, SOLDADURA | C10: 599063.4 | D10: =+IF(C10="N/A","N/A",C10-(C10*$C$1)) -> 461398.06 | E10: 711278.1 | F10: =+IF(E10="N/A","N/A",E10-(E10*$C$1)) -> 547825.71 | G10: N/A | H10: =+IF(G10="N/A","N/A",G10-(G10*$C$1)) -> N/A | I10: N/A | J10: =+IF(I10="N/A","N/A",I10-(I10*$C$1)) -> N/A | K10: 734882.4 | L10: =+IF(K10="N/A","N/A",K10-(K10*$C$1)) -> 566005.72 | M10: N/A | N10: =+IF(M10="N/A","N/A",M10-(M10*$C$1)) -> N/A | O10: N/A | P10: =+IF(O10="N/A","N/A",O10-(O10*$C$1)) -> N/A | Q10: 591453 | R10: =+IF(Q10="N/A","N/A",Q10-(Q10*$C$1)) -> 455536.53
A11: 5 | B11: CAMBIO TARJETA ELECTRÓNICA DE ACONDICIONADOR DE AIRE | C11: 117838.4 | D11: =+IF(C11="N/A","N/A",C11-(C11*$C$1)) -> 90759.023 | E11: 124987.2 | F11: =+IF(E11="N/A","N/A",E11-(E11*$C$1)) -> 96265.021 | G11: 130185.6 | H11: =+IF(G11="N/A","N/A",G11-(G11*$C$1)) -> 100268.82 | I11: 146434.4 | J11: =+IF(I11="N/A","N/A",I11-(I11*$C$1)) -> 112783.63 | K11: 173349 | L11: =+IF(K11="N/A","N/A",K11-(K11*$C$1)) -> 133513.23 | M11: 143915.2 | N11: =+IF(M11="N/A","N/A",M11-(M11*$C$1)) -> 110843.35 | O11: 204492.8 | P11: =+IF(O11="N/A","N/A",O11-(O11*$C$1)) -> 157500.16 | Q11: 121487.2 | R11: =+IF(Q11="N/A","N/A",Q11-(Q11*$C$1)) -> 93569.325
A12: 6 | B12: UBICACIÓN Y CORRECCIÓN DE FUGA DE GAS REFRIGERANTE Y ACEITE EN EL SISTEMA MINI SPLIT O CENTRAL, INCLUYE MANO DE OBRA DE: VACÍO, CARGA COMPLETA DE REFRIGERANTE, LIMPIEZA DE TUBERÍA DE COBRE CON NITRÓGENO, INSTALACIÓN DE FILTRO SECADOR. INSUMOS: NITRÓGENO, SOLDADURA Y DEMÁS ACTIVIDADES QUE GARANTICEN SU CORRECTO FUNCIONAMIENTO | C12: 374569.2 | D12: =+IF(C12="N/A","N/A",C12-(C12*$C$1)) -> 288492.84 | E12: 405378 | F12: =+IF(E12="N/A","N/A",E12-(E12*$C$1)) -> 312221.75 | G12: 413659.8 | H12: =+IF(G12="N/A","N/A",G12-(G12*$C$1)) -> 318600.38 | I12: 449851.5 | J12: =+IF(I12="N/A","N/A",I12-(I12*$C$1)) -> 346475.19 | K12: 464671.8 | L12: =+IF(K12="N/A","N/A",K12-(K12*$C$1)) -> 357889.77 | M12: 477187.2 | N12: =+IF(M12="N/A","N/A",M12-(M12*$C$1)) -> 367529.12 | O12: 667395.9 | P12: =+IF(O12="N/A","N/A",O12-(O12*$C$1)) -> 514027.68 | Q12: 421835.4 | R12: =+IF(Q12="N/A","N/A",Q12-(Q12*$C$1)) -> 324897.22
A13: 7 | B13: DESMOTE DE ACONDICIONADOR DE AIRE TIPO CENTRAL DE 60.000 BTU | C13: 201586.5 | D13: =+IF(C13="N/A","N/A",C13-(C13*$C$1)) -> 155261.73 | E13: 279477 | F13: =+IF(E13="N/A","N/A",E13-(E13*$C$1)) -> 215252.92 | G13: N/A | H13: =+IF(G13="N/A","N/A",G13-(G13*$C$1)) -> N/A | I13: N/A | J13: =+IF(I13="N/A","N/A",I13-(I13*$C$1)) -> N/A | K13: 283165.2 | L13: =+IF(K13="N/A","N/A",K13-(K13*$C$1)) -> 218093.57 | M13: N/A | N13: =+IF(M13="N/A","N/A",M13-(M13*$C$1)) -> N/A | O13: N/A | P13: =+IF(O13="N/A","N/A",O13-(O13*$C$1)) -> N/A | Q13: 260460 | R13: =+IF(Q13="N/A","N/A",Q13-(Q13*$C$1)) -> 200606.04
A14: 8 | B14: DESMOTE DE ACONDICIONADOR DE AIRE TIPO MINI SPLIT | C14: 157081.5 | D14: =+IF(C14="N/A","N/A",C14-(C14*$C$1)) -> 120984.02 | E14: 172529.1 | F14: =+IF(E14="N/A","N/A",E14-(E14*$C$1)) -> 132881.75 | G14: 184200.3 | H14: =+IF(G14="N/A","N/A",G14-(G14*$C$1)) -> 141870.89 | I14: 192987 | J14: =+IF(I14="N/A","N/A",I14-(I14*$C$1)) -> 148638.4 | K14: 257039.1 | L14: =+IF(K14="N/A","N/A",K14-(K14*$C$1)) -> 197971.27 | M14: 243332.1 | N14: =+IF(M14="N/A","N/A",M14-(M14*$C$1)) -> 187414.15 | O14: 331951.5 | P14: =+IF(O14="N/A","N/A",O14-(O14*$C$1)) -> 255668.73 | Q14: 167720.4 | R14: =+IF(Q14="N/A","N/A",Q14-(Q14*$C$1)) -> 129178.09
A15: 9 | B15: INSTALACIÓN DE ACONDICIONADOR DE AIRE TIPO CENTRAL DE 60.000 BTU INCLUYE MANO DE OBRA DE: VACÍO, CARGA COMPLETA DE REFRIGERANTE, LIMPIEZA DE TUBERÍA DE COBRE CON NITRÓGENO, INSTALACIÓN DE FILTRO SECADOR. INSUMOS: NITRÓGENO, SOLDADURA Y DEMÁS ACTIVIDADES QUE GARANTICEN SU CORRECTO FUNCIONAMIENTO | C15: 564312.6 | D15: =+IF(C15="N/A","N/A",C15-(C15*$C$1)) -> 434633.02 | E15: 615294.9 | F15: =+IF(E15="N/A","N/A",E15-(E15*$C$1)) -> 473899.54 | G15: N/A | H15: =+IF(G15="N/A","N/A",G15-(G15*$C$1)) -> N/A | I15: N/A | J15: =+IF(I15="N/A","N/A",I15-(I15*$C$1)) -> N/A | K15: 681618.6 | L15: =+IF(K15="N/A","N/A",K15-(K15*$C$1)) -> 524981.99 | M15: N/A | N15: =+IF(M15="N/A","N/A",M15-(M15*$C$1)) -> N/A | O15: N/A | P15: =+IF(O15="N/A","N/A",O15-(O15*$C$1)) -> N/A | Q15: 587065.5 | R15: =+IF(Q15="N/A","N/A",Q15-(Q15*$C$1)) -> 452157.28
A16: 10 | B16: INSTALACIÓN DE ACONDICIONADOR DE AIRE TIPO MINI SPLIT (12000-18000-24000 BTU) INCLUYE MANO DE OBRA DE: VACÍO, CARGA COMPLETA DE REFRIGERANTE, LIMPIEZA DE TUBERÍA DE COBRE CON NITRÓGENO, INSTALACIÓN DE FILTRO SECADOR. INSUMOS: NITRÓGENO, SOLDADURA Y DEMÁS ACTIVIDADES QUE GARANTICEN SU CORRECTO FUNCIONAMIENTO | C16: 294917.4 | D16: =+IF(C16="N/A","N/A",C16-(C16*$C$1)) -> 227145.1 | E16: 311464.8 | F16: =+IF(E16="N/A","N/A",E16-(E16*$C$1)) -> 239889.89 | G16: 318468.6 | H16: =+IF(G16="N/A","N/A",G16-(G16*$C$1)) -> 245284.21 | I16: 358712.1 | J16: =+IF(I16="N/A","N/A",I16-(I16*$C$1)) -> 276279.72 | K16: 412362 | L16: =+IF(K16="N/A","N/A",K16-(K16*$C$1)) -> 317600.82 | M16: 371888.1 | N16: =+IF(M16="N/A","N/A",M16-(M16*$C$1)) -> 286427.86 | O16: 551614.5 | P16: =+IF(O16="N/A","N/A",O16-(O16*$C$1)) -> 424852.96 | Q16: 300251.7 | R16: =+IF(Q16="N/A","N/A",Q16-(Q16*$C$1)) -> 231253.57
A17: 11 | B17: REPARACIÓN TARJETA ELECTRÓNICA ORIGINAL DE ACONDICIONADOR DE AIRE | C17: 139704.3 | D17: =+IF(C17="N/A","N/A",C17-(C17*$C$1)) -> 107600.12 | E17: 151399.8 | F17: =+IF(E17="N/A","N/A",E17-(E17*$C$1)) -> 116607.98 | G17: 165040.2 | H17: =+IF(G17="N/A","N/A",G17-(G17*$C$1)) -> 127113.8 | I17: 182901.6 | J17: =+IF(I17="N/A","N/A",I17-(I17*$C$1)) -> 140870.64 | K17: 220220.1 | L17: =+IF(K17="N/A","N/A",K17-(K17*$C$1)) -> 169613.31 | M17: 206251.2 | N17: =+IF(M17="N/A","N/A",M17-(M17*$C$1)) -> 158854.48 | O17: 291108.6 | P17: =+IF(O17="N/A","N/A",O17-(O17*$C$1)) -> 224211.56 | Q17: 156821.4 | R17: =+IF(Q17="N/A","N/A",Q17-(Q17*$C$1)) -> 120783.69
A18: 12 | B18: REUBICACIÓN CONDENSADORA ACONDICIONADOR DE AIRE TIPO MINI SPLIT INCLUYE MANO DE OBRA DE: VACÍO, CARGA COMPLETA DE REFRIGERANTE, LIMPIEZA DE TUBERÍA DE COBRE CON NITRÓGENO, INSTALACIÓN DE FILTRO SECADOR. INSUMOS: NITRÓGENO, SOLDADURA Y DEMÁS ACTIVIDADES QUE GARANTICEN SU CORRECTO FUNCIONAMIENTO | C18: 218476 | D18: =+IF(C18="N/A","N/A",C18-(C18*$C$1)) -> 168270.01 | E18: 227328 | F18: =+IF(E18="N/A","N/A",E18-(E18*$C$1)) -> 175087.81 | G18: 235460 | H18: =+IF(G18="N/A","N/A",G18-(G18*$C$1)) -> 181351.07 | I18: 265036.8 | J18: =+IF(I18="N/A","N/A",I18-(I18*$C$1)) -> 204131.09 | K18: 285980.8 | L18: =+IF(K18="N/A","N/A",K18-(K18*$C$1)) -> 220262.14 | M18: 272231.2 | N18: =+IF(M18="N/A","N/A",M18-(M18*$C$1)) -> 209672.21 | O18: 376106.4 | P18: =+IF(O18="N/A","N/A",O18-(O18*$C$1)) -> 289676.79 | Q18: 229390.4 | R18: =+IF(Q18="N/A","N/A",Q18-(Q18*$C$1)) -> 176676.27
A19: 13 | B19: REUBICACIÓN MANEJADORA ACONDICIONADOR DE AIRE TIPO CENTRAL INCLUYE MANO DE OBRA DE: VACÍO, CARGA COMPLETA DE REFRIGERANTE, LIMPIEZA DE TUBERÍA DE COBRE CON NITRÓGENO, INSTALACIÓN DE FILTRO SECADOR. INSUMOS: NITRÓGENO, SOLDADURA Y DEMÁS ACTIVIDADES QUE GARANTICEN SU CORRECTO FUNCIONAMIENTO | C19: 284948.8 | D19: =+IF(C19="N/A","N/A",C19-(C19*$C$1)) -> 219467.29 | E19: 370794.4 | F19: =+IF(E19="N/A","N/A",E19-(E19*$C$1)) -> 285585.49 | G19: N/A | H19: =+IF(G19="N/A","N/A",G19-(G19*$C$1)) -> N/A | I19: N/A | J19: =+IF(I19="N/A","N/A",I19-(I19*$C$1)) -> N/A | K19: 354796.8 | L19: =+IF(K19="N/A","N/A",K19-(K19*$C$1)) -> 273264.15 | M19: N/A | N19: =+IF(M19="N/A","N/A",M19-(M19*$C$1)) -> N/A | O19: N/A | P19: =+IF(O19="N/A","N/A",O19-(O19*$C$1)) -> N/A | Q19: 297660 | R19: =+IF(Q19="N/A","N/A",Q19-(Q19*$C$1)) -> 229257.45
A20: 14 | B20: REUBICACIÓN MANEJADORA ACONDICIONADOR DE AIRE TIPO MINI SPLIT INCLUYE MANO DE OBRA DE: VACÍO, CARGA COMPLETA DE REFRIGERANTE, LIMPIEZA DE TUBERÍA DE COBRE CON NITRÓGENO, INSTALACIÓN DE FILTRO SECADOR. INSUMOS: NITRÓGENO, SOLDADURA Y DEMÁS ACTIVIDADES QUE GARANTICEN SU CORRECTO FUNCIONAMIENTO | C20: 150478.4 | D20: =+IF(C20="N/A","N/A",C20-(C20*$C$1)) -> 115898.32 | E20: 159106.4 | F20: =+IF(E20="N/A","N/A",E20-(E20*$C$1)) -> 122543.6 | G20: 165249.6 | H20: =+IF(G20="N/A","N/A",G20-(G20*$C$1)) -> 127275.08 | I20: 174087.2 | J20: =+IF(I20="N/A","N/A",I20-(I20*$C$1)) -> 134081.79 | K20: 204853.6 | L20: =+IF(K20="N/A","N/A",K20-(K20*$C$1)) -> 157778.05 | M20: 196608.8 | N20: =+IF(M20="N/A","N/A",M20-(M20*$C$1)) -> 151427.91 | O20: 274080 | P20: =+IF(O20="N/A","N/A",O20-(O20*$C$1)) -> 211096.15 | Q20: 159440 | R20: =+IF(Q20="N/A","N/A",Q20-(Q20*$C$1)) -> 122800.53
A21: 15 | B21: CAMBIO DE CONDENSADORA DE AIRE TIPO MINI SPLIT INCLUYE MANO DE OBRA DE: VACÍO, CARGA COMPLETA DE REFRIGERANTE, LIMPIEZA DE TUBERÍA DE COBRE CON NITRÓGENO, INSTALACIÓN DE FILTRO SECADOR. INSUMOS: NITRÓGENO, SOLDADURA Y DEMÁS ACTIVIDADES QUE GARANTICEN SU CORRECTO FUNCIONAMIENTO | C21: 232282.4 | D21: =+IF(C21="N/A","N/A",C21-(C21*$C$1)) -> 178903.68 | E21: 243328.8 | F21: =+IF(E21="N/A","N/A",E21-(E21*$C$1)) -> 187411.61 | G21: 251454.4 | H21: =+IF(G21="N/A","N/A",G21-(G21*$C$1)) -> 193669.94 | I21: 256856.8 | J21: =+IF(I21="N/A","N/A",I21-(I21*$C$1)) -> 197830.86 | K21: 280895.2 | L21: =+IF(K21="N/A","N/A",K21-(K21*$C$1)) -> 216345.21 | M21: 268156.8 | N21: =+IF(M21="N/A","N/A",M21-(M21*$C$1)) -> 206534.11 | O21: 382708.8 | P21: =+IF(O21="N/A","N/A",O21-(O21*$C$1)) -> 294761.95 | Q21: 239340.8 | R21: =+IF(Q21="N/A","N/A",Q21-(Q21*$C$1)) -> 184340.05
A22: 16 | B22: CAMBIO DE CONDENSADORA DE AIRE TIPO CENTRAL INCLUYE MANO DE OBRA DE: VACÍO, CARGA COMPLETA DE REFRIGERANTE, LIMPIEZA DE TUBERÍA DE COBRE CON NITRÓGENO, INSTALACIÓN DE FILTRO SECADOR. INSUMOS: NITRÓGENO, SOLDADURA Y DEMÁS ACTIVIDADES QUE GARANTICEN SU CORRECTO FUNCIONAMIENTO | C22: 376032.8 | D22: =+IF(C22="N/A","N/A",C22-(C22*$C$1)) -> 289620.1 | E22: 502400 | F22: =+IF(E22="N/A","N/A",E22-(E22*$C$1)) -> 386948 | G22: N/A | H22: =+IF(G22="N/A","N/A",G22-(G22*$C$1)) -> N/A | I22: N/A | J22: =+IF(I22="N/A","N/A",I22-(I22*$C$1)) -> N/A | K22: 506443.2 | L22: =+IF(K22="N/A","N/A",K22-(K22*$C$1)) -> 390062.07 | M22: N/A | N22: =+IF(M22="N/A","N/A",M22-(M22*$C$1)) -> N/A | O22: N/A | P22: =+IF(O22="N/A","N/A",O22-(O22*$C$1)) -> N/A | Q22: 406098.4 | R22: =+IF(Q22="N/A","N/A",Q22-(Q22*$C$1)) -> 312776.6
A23: 17 | B23: CAMBIO MOTOR VENTILADOR DE ACONDICIONADOR DE AIRE | C23: 126290.7 | D23: =+IF(C23="N/A","N/A",C23-(C23*$C$1)) -> 97268.976 | E23: 135244.8 | F23: =+IF(E23="N/A","N/A",E23-(E23*$C$1)) -> 104165.42 | G23: 150717.6 | H23: =+IF(G23="N/A","N/A",G23-(G23*$C$1)) -> 116082.55 | I23: 162664.2 | J23: =+IF(I23="N/A","N/A",I23-(I23*$C$1)) -> 125283.81 | K23: 188619.3 | L23: =+IF(K23="N/A","N/A",K23-(K23*$C$1)) -> 145274.4 | M23: 175325.4 | N23: =+IF(M23="N/A","N/A",M23-(M23*$C$1)) -> 135035.45 | O23: 282759.3 | P23: =+IF(O23="N/A","N/A",O23-(O23*$C$1)) -> 217780.94 | Q23: 132824.7 | R23: =+IF(Q23="N/A","N/A",Q23-(Q23*$C$1)) -> 102301.46
A24: 18 | B24: CAMBIO TRANSFORMADOR DE ACONDICIONADOR DE AIRES | C24: 104151.6 | D24: =+IF(C24="N/A","N/A",C24-(C24*$C$1)) -> 80217.462 | E24: 142520.4 | F24: =+IF(E24="N/A","N/A",E24-(E24*$C$1)) -> 109769.08 | G24: N/A | H24: =+IF(G24="N/A","N/A",G24-(G24*$C$1)) -> N/A | I24: N/A | J24: =+IF(I24="N/A","N/A",I24-(I24*$C$1)) -> N/A | K24: 135317.7 | L24: =+IF(K24="N/A","N/A",K24-(K24*$C$1)) -> 104221.56 | M24: N/A | N24: =+IF(M24="N/A","N/A",M24-(M24*$C$1)) -> N/A | O24: N/A | P24: =+IF(O24="N/A","N/A",O24-(O24*$C$1)) -> N/A | Q24: 111488.4 | R24: =+IF(Q24="N/A","N/A",Q24-(Q24*$C$1)) -> 85868.259
A25: 19 | B25: CAMBIO BALINERA DE MOTOR VENTILADOR | C25: 111456.8 | D25: =+IF(C25="N/A","N/A",C25-(C25*$C$1)) -> 85843.92 | E25: 122143.2 | F25: =+IF(E25="N/A","N/A",E25-(E25*$C$1)) -> 94074.575 | G25: 128196.8 | H25: =+IF(G25="N/A","N/A",G25-(G25*$C$1)) -> 98737.052 | I25: 135737.6 | J25: =+IF(I25="N/A","N/A",I25-(I25*$C$1)) -> 104544.97 | K25: 148994.4 | L25: =+IF(K25="N/A","N/A",K25-(K25*$C$1)) -> 114755.34 | M25: 138583.2 | N25: =+IF(M25="N/A","N/A",M25-(M25*$C$1)) -> 106736.65 | O25: 197345.6 | P25: =+IF(O25="N/A","N/A",O25-(O25*$C$1)) -> 151995.39 | Q25: 116739.2 | R25: =+IF(Q25="N/A","N/A",Q25-(Q25*$C$1)) -> 89912.42
A26: 20 | B26: CAMBIO CONTACTOR DE ACONDICIONADOR DE AIRES | C26: 121964.4 | D26: =+IF(C26="N/A","N/A",C26-(C26*$C$1)) -> 93936.864 | E26: 137906.1 | F26: =+IF(E26="N/A","N/A",E26-(E26*$C$1)) -> 106215.15 | G26: N/A | H26: =+IF(G26="N/A","N/A",G26-(G26*$C$1)) -> N/A | I26: N/A | J26: =+IF(I26="N/A","N/A",I26-(I26*$C$1)) -> N/A | K26: 162424.8 | L26: =+IF(K26="N/A","N/A",K26-(K26*$C$1)) -> 125099.43 | M26: N/A | N26: =+IF(M26="N/A","N/A",M26-(M26*$C$1)) -> N/A | O26: N/A | P26: =+IF(O26="N/A","N/A",O26-(O26*$C$1)) -> N/A | Q26: 129519.9 | R26: =+IF(Q26="N/A","N/A",Q26-(Q26*$C$1)) -> 99756.103
A27: 21 | B27: CAMBIO FAN RELAY ACONDICIONADOR DE AIRE | C27: 88376.8 | D27: =+IF(C27="N/A","N/A",C27-(C27*$C$1)) -> 68067.727 | E27: 119064.8 | F27: =+IF(E27="N/A","N/A",E27-(E27*$C$1)) -> 91703.595 | G27: N/A | H27: =+IF(G27="N/A","N/A",G27-(G27*$C$1)) -> N/A | I27: N/A | J27: =+IF(I27="N/A","N/A",I27-(I27*$C$1)) -> N/A | K27: 117683.2 | L27: =+IF(K27="N/A","N/A",K27-(K27*$C$1)) -> 90639.488 | M27: N/A | N27: =+IF(M27="N/A","N/A",M27-(M27*$C$1)) -> N/A | O27: N/A | P27: =+IF(O27="N/A","N/A",O27-(O27*$C$1)) -> N/A | Q27: 98621.6 | R27: =+IF(Q27="N/A","N/A",Q27-(Q27*$C$1)) -> 75958.262
A28: 22 | B28: CAMBIO PRESOSTATO DE ACONDICIONADOR DE AIRE | C28: 89910.4 | D28: =+IF(C28="N/A","N/A",C28-(C28*$C$1)) -> 69248.904 | E28: 102080.8 | F28: =+IF(E28="N/A","N/A",E28-(E28*$C$1)) -> 78622.534 | G28: N/A | H28: =+IF(G28="N/A","N/A",G28-(G28*$C$1)) -> N/A | I28: N/A | J28: =+IF(I28="N/A","N/A",I28-(I28*$C$1)) -> N/A | K28: 121397.6 | L28: =+IF(K28="N/A","N/A",K28-(K28*$C$1)) -> 93500.315 | M28: N/A | N28: =+IF(M28="N/A","N/A",M28-(M28*$C$1)) -> N/A | O28: N/A | P28: =+IF(O28="N/A","N/A",O28-(O28*$C$1)) -> N/A | Q28: 97108.8 | R28: =+IF(Q28="N/A","N/A",Q28-(Q28*$C$1)) -> 74793.105
A29: 23 | B29: CAMBIO TEMPORIZADOR DE ACONDICIONADOR DE AIRE | C29: 90787.2 | D29: =+IF(C29="N/A","N/A",C29-(C29*$C$1)) -> 69924.214 | E29: 132785.6 | F29: =+IF(E29="N/A","N/A",E29-(E29*$C$1)) -> 102271.34 | G29: N/A | H29: =+IF(G29="N/A","N/A",G29-(G29*$C$1)) -> N/A | I29: N/A | J29: =+IF(I29="N/A","N/A",I29-(I29*$C$1)) -> N/A | K29: 128157.6 | L29: =+IF(K29="N/A","N/A",K29-(K29*$C$1)) -> 98706.861 | M29: N/A | N29: =+IF(M29="N/A","N/A",M29-(M29*$C$1)) -> N/A | O29: N/A | P29: =+IF(O29="N/A","N/A",O29-(O29*$C$1)) -> N/A | Q29: 100087.2 | R29: =+IF(Q29="N/A","N/A",Q29-(Q29*$C$1)) -> 77087.065
A30: 24 | B30: SUMINISTRO E INSTALACIÓN A TODO COSTO DE DUCTERIA EN LAMINA DE PORÓN (METRO CUADRADO) | C30: 65436 | D30: =+IF(C30="N/A","N/A",C30-(C30*$C$1)) -> 50398.744 | E30: 82096 | F30: =+IF(E30="N/A","N/A",E30-(E30*$C$1)) -> 63230.26 | G30: N/A | H30: =+IF(G30="N/A","N/A",G30-(G30*$C$1)) -> N/A | I30: N/A | J30: =+IF(I30="N/A","N/A",I30-(I30*$C$1)) -> N/A | K30: 89876.8 | L30: =+IF(K30="N/A","N/A",K30-(K30*$C$1)) -> 69223.025 | M30: N/A | N30: =+IF(M30="N/A","N/A",M30-(M30*$C$1)) -> N/A | O30: N/A | P30: =+IF(O30="N/A","N/A",O30-(O30*$C$1)) -> N/A | Q30: 74110.4 | R30: =+IF(Q30="N/A","N/A",Q30-(Q30*$C$1)) -> 57079.759
A31: 25 | B31: SUMINISTRO E INSTALACIÓN A TODO COSTO DE DUCTERIA EN FIBRA DE VIDRIO (METRO CUADRADO) | C31: 94992 | D31: =+IF(C31="N/A","N/A",C31-(C31*$C$1)) -> 73162.747 | E31: 109390.4 | F31: =+IF(E31="N/A","N/A",E31-(E31*$C$1)) -> 84252.381 | G31: N/A | H31: =+IF(G31="N/A","N/A",G31-(G31*$C$1)) -> N/A | I31: N/A | J31: =+IF(I31="N/A","N/A",I31-(I31*$C$1)) -> N/A | K31: 127713.6 | L31: =+IF(K31="N/A","N/A",K31-(K31*$C$1)) -> 98364.892 | M31: N/A | N31: =+IF(M31="N/A","N/A",M31-(M31*$C$1)) -> N/A | O31: N/A | P31: =+IF(O31="N/A","N/A",O31-(O31*$C$1)) -> N/A | Q31: 106382.4 | R31: =+IF(Q31="N/A","N/A",Q31-(Q31*$C$1)) -> 81935.622
A32: 26 | B32: SUMINISTRO E INSTALACIÓN A TODO COSTO DE DUCTERIA GALVANIZADA (METRO CUADRADO) | C32: 108381.6 | D32: =+IF(C32="N/A","N/A",C32-(C32*$C$1)) -> 83475.404 | E32: 126910.4 | F32: =+IF(E32="N/A","N/A",E32-(E32*$C$1)) -> 97746.268 | G32: N/A | H32: =+IF(G32="N/A","N/A",G32-(G32*$C$1)) -> N/A | I32: N/A | J32: =+IF(I32="N/A","N/A",I32-(I32*$C$1)) -> N/A | K32: 133960.8 | L32: =+IF(K32="N/A","N/A",K32-(K32*$C$1)) -> 103176.48 | M32: N/A | N32: =+IF(M32="N/A","N/A",M32-(M32*$C$1)) -> N/A | O32: N/A | P32: =+IF(O32="N/A","N/A",O32-(O32*$C$1)) -> N/A | Q32: 118497.6 | R32: =+IF(Q32="N/A","N/A",Q32-(Q32*$C$1)) -> 91266.738
B33: TOTAL | C33: =SUM(C7:C32) -> 5251439.6 | D33: =SUM(D7:D32) -> 4044653.7 | E33: =SUM(E7:E32) -> 6046072.4 | F33: =SUM(F7:F32) -> 4656679.2 | G33: =SUM(G7:G32) -> 2708259.8 | H33: =SUM(H7:H32) -> 2085899.1 | I33: =SUM(I7:I32) -> 2958930.5 | J33: =SUM(J7:J32) -> 2278965.4 | ... R33: =SUM(R7:R32) -> 4285576.2
B35: TOTAL | C35: =+C33+E33+G33+I33+K33+M33+O33+Q33 -> 36948989 | D35: =+D33+F33+H33+J33+L33+N33+P33+R33 -> 28458076
B44: _________________________________ RUBY DEL CARMEN CABARCAS TAPIA C.C. No. 45.500.488 DE CARTAGENA REPRESENTANTE LEGAL ASESORÍAS Y ACABADOS ÁVILA S.A.S
B67: VoBo. ROSANA PAOLA LLINÁS PERTUZ
B68: SECCIÓN GESTIÓN CONTRACTUAL

Sheet REPUESTOS
A2: SECCIONAL ATLÁNTICO | G2: 0.22980096
A4: MANTENIMIENTO CORRECTIVO
A5: REPUESTOS
E6: OFERTA ECONÓMICA | F6: VALORES FINALES CON DESCUENTO
A7: ÍTEM | B7: DESCRIPCIÓN | C7: UNIDAD DE MEDIDA | E7: VALOR REPUESTO INCLUIDO IVA | F7: VALOR REPUESTO INCLUIDO IVA
A8: 1 | B8: CAPACITOR DE MARCHA 5 MFD 440V | C8: UND | E8: 13200 | F8: =+E8-(E8*$G$2) -> 10166.627
A9: 2 | B9: CAPACITOR DE MARCHA 10 MFD 440V | C9: UND | E9: 15207.2 | F9: =+E9-(E9*$G$2) -> 11712.571
A10: 3 | B10: CAPACITOR DE MARCHA 15 MFD 440V | C10: UND | E10: 16173.6 | F10: =+E10-(E10*$G$2) -> 12456.891
A11: 4 | B11: CAPACITOR DE MARCHA 30 MFD 370V | C11: UND | E11: 26542.4 | F11: =+E11-(E11*$G$2) -> 20442.931
A12: 5 | B12: CAPACITOR DE MARCHA 35 MFD 440V | C12: UND | E12: 29240.8 | F12: =+E12-(E12*$G$2) -> 22521.236
A13: 6 | B13: CAPACITOR DE MARCHA 40 MFD 440V | C13: UND | E13: 30720 | F13: =+E13-(E13*$G$2) -> 23660.515
A14: 7 | B14: CAPACITOR DE MARCHA 45 MFD 440V | C14: UND | E14: 32381.6 | F14: =+E14-(E14*$G$2) -> 24940.277
A15: 8 | B15: CAPACITOR DE MARCHA 45+5 MFD 440V | C15: UND | E15: 35169.6 | F15: =+E15-(E15*$G$2) -> 27087.592
A16: 9 | B16: CAPACITOR DE MARCHA 5 MFD 370V | C16: UND | E16: 13161.6 | F16: =+E16-(E16*$G$2) -> 10137.052
A17: 10 | B17: CAPACITOR DE MARCHA 50 MFD 440V | C17: UND | E17: 37590.4 | F17: =+E17-(E17*$G$2) -> 28952.09
A18: 11 | B18: CAPACITOR DE MARCHA 55 MFD 440V | C18: UND | E18: 38659.2 | F18: =+E18-(E18*$G$2) -> 29775.279
A19: 12 | B19: CAPACITOR DE MARCHA 60 MFD (+5-5) 440V | C19: UND | E19: 40149.6 | F19: =+E19-(E19*$G$2) -> 30923.183
... A98: 91 | B98: REJILLA DIFUSORA DE ALUMINIO 12"X12" DE CUATRO VÍAS MÓVILES | C98: UND | E98: 178903.2 | F98: =+E98-(E98*$G$2) -> 137791.07
A99: TOTAL | E99: =SUM(E8:E98) -> 36503989 | F99: =SUM(F8:F98) -> 28115337
B109: _________________________________ RUBY DEL CARMEN CABARCAS TAPIA C.C. No. 45.500.488 DE CARTAGENA REPRESENTANTE LEGAL ASESORÍAS Y ACABADOS ÁVILA S.A.S
B132: VoBo. ROSANA PAOLA LLINÁS PERTUZ
B133: SECCIÓN GESTIÓN CONTRACTUAL

Sheet TOTAL
B2: SECCIONAL ATLÁNTICO
D3: VALOR INICIAL | E3: VALOR FINAL CON DESCUENTO
B4: ITEM | C4: DESCRIPCIÓN | D4: VALOR TOTAL | E4: VALOR TOTAL
B5: 1 | C5: MANTENIMIENTO PREVENTIVO | D5: =+'MTTO PREVENTIVO'!H30 -> 2890924.7 | E5: =+'MTTO PREVENTIVO'!I30 -> 2226587.5
B6: 2 | C6: MANO DE OBRA MANTENIMIENTO CORRECTIVO | D6: =+'MANO DE OBRA MTTO CORRECTIVO'!C35 -> 36948989 | E6: =+'MANO DE OBRA MTTO CORRECTIVO'!D35 -> 28458076
B7: 3 | C7: REPUESTOS | D7: =+REPUESTOS!E99 -> 36503989 | E7: =+REPUESTOS!F99 -> 28115337
B8: TOTAL | D8: =SUM(D5:D7) -> 76343902 | E8: =SUM(E5:E7) -> 58800000
E10: =+E8/D8-1 -> -0.22980096
C16: _________________________________ RUBY DEL CARMEN CABARCAS TAPIA C.C. No. 45.500.488 DE CARTAGENA REPRESENTANTE LEGAL ASESORÍAS Y ACABADOS ÁVILA S.A.S
C36: VoBo. ROSANA PAOLA LLINÁS PERTUZ
C37: SECCIÓN GESTIÓN CONTRACTUAL
